 Dungeon Crawl Stone Soup version 0.23.2-33-g5129a83184 (webtiles) character file.

Game seed: 15439175157842854811

1279 Atelerd the Magician (level 8, -2/46 HPs)
             Began as an Octopode Conjurer on July 12, 2019.
             Slain by an orc priest
             ... wielding a +0 flail
              (6 damage)
             ... on level 5 of the Dungeon.
             The game lasted 00:11:31 (6440 turns).

Atelerd the Magician (Octopode Conjurer)            Turns: 6440, Time: 00:11:32

Health: -2/46      AC:  1    Str:  8    XL:     8   Next: 54%
Magic:  1/18       EV: 13    Int: 19    God:
Gold:   308        SH:  0    Dex: 12    Spells: 12/21 levels left

rFire    . . .     SeeInvis .   p - +1 dagger (venom)
rCold    . . .     Gourm    +   (no shield)
rNeg     . . .     Faith    .   (helmet restricted)
rPois    .         Spirit   .   e - amulet of the gourmand
rElec    .         Reflect  .   (no ring)
rCorr    .         Harm     .   (no ring)
MR       .....                  (no ring)
Stlth    +++.......             (no ring)
HPRegen  0.15/turn              (no ring)
MPRegen  0.16/turn              (no ring)
                                (no ring)
                                (no ring)

@: no status effects
A: almost no armour, stealthy swim, amphibious, 8 rings, constrict 8, camouflage
1, gelatinous body 1
a: no special abilities


You were on level 5 of the Dungeon.
You were not hungry.

You visited 1 branch of the dungeon, and saw 5 of its levels.

You collected 308 gold pieces.

Inventory:

Hand Weapons
 c - a +0 short sword
 p - a +1 dagger of venom (weapon)
Jewellery
 e - an amulet of the gourmand (around mantle)
 q - a +5 amulet of reflection
Scrolls
 a - 3 scrolls of magic mapping {unknown}
 h - a scroll of remove curse {unknown}
 j - 2 scrolls of enchant armour {unknown}
 k - 2 scrolls of noise
 l - a scroll of fear {unknown}
 m - 3 scrolls of teleportation
 n - a scroll of enchant weapon
 r - a scroll of amnesia
 t - a scroll of identify
Potions
 d - a potion of degeneration {unknown}
 f - 2 potions of berserk rage {unknown}
 g - a potion of lignification {unknown}
 i - a potion of haste
 o - a potion of might
 s - a potion of brilliance {unknown}
Comestibles
 b - 9 rations


   Skills:
 - Level 2.0 Dodging
 - Level 2.6 Stealth
 * Level 7.0 Spellcasting
 + Level 6.5 Conjurations
 + Level 4.1 Translocations


You had 12 spell levels left.
You knew the following spells:

 Your Spells              Type           Power        Failure   Level  Hunger
a - Magic Dart            Conj           ####         1%          1    None
b - Iskenderun's Mystic   Conj           ####....     7%          4    ###....
c - Force Lance           Conj/Tloc      ####....     11%         4    ###....

Your spell library contained the following spells:

 Spells                   Type           Power        Failure   Level  Hunger
 Searing Ray              Conj           ####..       1%          2    None
 Dazzling Spray           Conj/Hex       ###...       8%          3    #......
 Fulminant Prism          Conj/Hex       ###.......   26%         4    ###....


Dungeon Overview and Level Annotations

Branches:
Dungeon (5/15)
 Temple: D:4-7

Altars:
Okawaru
Ru
Xom

Annotations:
D:3 3 runed translucent doors, exclusion: 2 downstairs, Descartes's ghost, amateur FoFi
D:4 exclusion: 2 downstairs
D:5 Pikel


Innate Abilities, Weirdness & Mutations

You cannot wear most types of armour.
You are very stealthy in the water. (Stealth+)
You are amphibious.
You can wear up to eight rings at the same time.
You can use your tentacles to constrict eight enemies at once.
Your skin changes colour to match your surroundings (Stealth+).
Your rubbery body absorbs attacks. (AC +1, EV +1)


Message History

The orc priest mumbles some strange prayers to Beogh against you.
Pain shoots through your body!
* * * LOW HITPOINT WARNING * * *
Unknown command.
Okay, then.
Okay, then.
You hit the orc priest but do no damage.
The orc priest is poisoned.
Your grab misses the orc priest.
The orc priest looks satisfied for a moment.
You barely miss the orc priest. You grab the orc priest.
The orc priest is moderately wounded.
You constrict the orc priest.
The orc priest hits you with a +0 flail.
* * * LOW HITPOINT WARNING * * *
You hit the orc priest.
You squeeze the orc priest, but do no damage.
The orc priest is heavily wounded.
You constrict the orc priest.
The orc priest hits you with a +0 flail.
You die...

#.#.......... #.######.....
######............ ####
#.....######.....) #...
#.....######....#. +....
+.....'...##...... #....######
#.....###.##......
'#.......?.###.....###.##.#.#.^
...........))o@...........#.#..
.............).................
.....######.######.............
.... ..... #######.##.#.. #..
###.### ........ #. ...
..##.... # #.# ....#.... ...
..#.#.... ._. # #....


You could see an orc priest.

Vanquished Creatures
  Menkaure (D:4)
  Duvessa (D:4)
  A slave (D:5)
  3 ogres
  Dowan (D:4)
  3 howler monkeys
  A bullfrog zombie (D:5)
  A hound (D:4)
  6 orc priests
  7 orc wizards
  2 worker ants (D:4)
  4 adders
  A shadow imp (D:5)
  2 dart slugs
  20 orcs
  10 bats
  A giant cockroach (D:3)
  11 goblins
  6 hobgoblins
  10 kobolds
  3 quokkas
  10 frilled lizards
  A jackal skeleton (D:4)
  7 rats
113 creatures vanquished.

Notes
Turn   | Place    | Note
-------+----------+-------------------------------------------
     0 | D:1      | Atelerd the Octopode Conjurer began the quest for the Orb.
     0 | D:1      | Reached XP level 1. HP: 11/11 MP: 3/3
   377 | D:1      | Reached XP level 2. HP: 17/17 MP: 0/5
  1240 | D:1      | Reached XP level 3. HP: 21/21 MP: 4/7
  1529 | D:2      | Reached skill level 3 in Spellcasting
  1898 | D:2      | Reached XP level 4. HP: 27/27 MP: 5/9
  2121 | D:2      | Found an iron altar of Okawaru.
  2466 | D:3      | HP: 1/27 [orc wizard/+0 dagger (3)]
  2470 | D:3      | Reached skill level 4 in Spellcasting
  2470 | D:3      | Reached XP level 5. HP: 7/31 MP: 4/11
  2714 | D:3      | Learned a level 4 spell: Iskenderun's Mystic Blast
  2719 | D:3      | Learned a level 4 spell: Force Lance
  3016 | D:3      | Reached skill level 5 in Conjurations
  3115 | D:3      | Found a runed translucent gate.
  3115 | D:3      | Found a runed translucent gate.
  3115 | D:3      | Found a runed translucent gate.
  3118 | D:3      | Noticed Descartes's ghost (amateur FoFi)
  3447 | D:3      | Noticed an ogre
  3452 | D:3      | Killed an ogre
  3452 | D:3      | Reached skill level 1 in Translocations
  3452 | D:3      | Reached XP level 6. HP: 36/36 MP: 2/13
  4222 | D:3      | Reached skill level 5 in Spellcasting
  4293 | D:4      | Noticed Duvessa
  4399 | D:4      | Reached XP level 7. HP: 41/41 MP: 3/15
  4407 | D:4      | Noticed Dowan
  4488 | D:4      | Noticed Menkaure
  4496 | D:4      | Killed Menkaure
  4797 | D:4      | Killed Duvessa
  4797 | D:4      | Reached skill level 6 in Spellcasting
  4803 | D:4      | Killed Dowan
  4803 | D:4      | HP: 1/41 [orc (5)]
  4845 | D:3      | Reached XP level 8. HP: 9/46 MP: 2/17
  5465 | D:4      | Found a shimmering altar of Xom.
  5477 | D:5      | Entered Level 5 of the Dungeon
  5494 | D:5      | Noticed Pikel
  6425 | D:5      | Found a sacrificial altar of Ru.
  6430 | D:5      | Reached skill level 7 in Spellcasting
  6440 | D:5      | Slain by an orc priest

Skill      XL: |  1  2  3  4  5  6  7  8 |
---------------+-------------------------+-----
Spellcasting   | 3 4 5 6 7 |  7.0
Conjurations   | 5 6 |  6.5
Translocations | 1 2 3 4 |  4.1
Dodging        | |  2.0
Stealth        | |  2.6

Action                   |  1- 3 |  4- 6 |  7- 9 || total
-------------------------+-------+-------+-------++-------
Melee: Unarmed           |     6 |       |       ||     6
       Constrict         |     5 |    14 |    13 ||    32
       Short sword       |    18 |    22 |       ||    40
       Tentacles         |     2 |     6 |    12 ||    20
       Dagger            |       |    28 |    46 ||    74
 Cast: Magic Dart        |    50 |    53 |    19 ||   122
       Iskenderun's Myst |       |     9 |    34 ||    43
       Force Lance       |       |       |     2 ||     2
  Use: Potion            |       |     2 |     4 ||     6
       Scroll            |       |     4 |       ||     4
 Stab: Sleeping          |     1 |    12 |       ||    13
       Distracted        |       |       |     1 ||     1
  Eat: Chunk             |     2 |    11 |     8 ||    21
       Ration            |       |       |     1 ||     1
Armor: Skin              |     2 |     4 |     6 ||    12
Dodge: Dodged            |    14 |    24 |    47 ||    85
Block: Other             |       |     2 |    10 ||    12
       Reflection        |       |       |     1 ||     1
